 Dungeon Crawl Stone Soup version 0.28.0-1-gb440e238dd (webtiles) character file.

Game seed: 6475178345904541804

71 DrunkBamboolord the Gusty (level 4, -5/24 HPs)
             Began as a Tengu Air Elementalist on Feb 27, 2022.
             Killed from afar by Ijyb (10 damage)
             ... with a puff of flame
             ... on level 2 of the Dungeon.
             The game lasted 00:03:19 (2264 turns).

DrunkBamboolord the Gusty (Tengu Air Elementalist)  Turns: 2264, Time: 00:03:19

Health: -5/24      AC:  2    Str: 10    XL:     4   Next: 24%
Magic:  1/8        EV: 12    Int: 15    God:
Gold:   79         SH:  0    Dex: 15    Spells: 4/7 levels left

rFire   . . .      SeeInvis .   (no weapon)
rCold   . . .      Faith    .   (no shield)
rNeg    . . .      Spirit   .   a - +0 robe
rPois   .          Reflect  .   (helmet restricted)
rElec   .          Harm     .   (no cloak)
rCorr   .          Rampage  .   (no gloves)
Will    .....                   (boots unavailable)
Stlth   ++........              (no amulet)
HPRegen 0.08/turn               (no ring)
MPRegen 0.11/turn               (no ring)

@: no status effects
A: beak, talons 3
a: no special abilities


You were on level 2 of the Dungeon.
You visited 1 branch of the dungeon, and saw 3 of its levels.

You collected 79 gold pieces.

Inventory:

Armour
 a - a +0 robe (worn)
Scrolls
 g - 2 scrolls of fog
Potions
 d - a potion of brilliance {unknown}
 f - a potion of attraction {unknown}


   Skills:
 * Level 2.4 Dodging
 + Level 2.3 Stealth
 * Level 2.4 Spellcasting
 * Level 2.7 Conjurations
 * Level 5.3 Air Magic


You had 4 spell levels left.
You knew the following spells:

 Your Spells              Type           Power      Damage    Failure   Level
a - Shock                 Conj/Air       52%        1d6       4%          1
b - Static Discharge      Conj/Air       13%        N/A       6%          2

Your spell library contained the following spells:

 Spells                   Type           Power      Damage    Failure   Level
 Swiftness                Air            17%        N/A       7%          3
 Airstrike                Air            8%         N/A       24%         4


Dungeon Overview and Level Annotations

Branches:
Dungeon (3/15)

Altars:

Annotations:
D:2 Ijyb


Innate Abilities, Weirdness & Mutations

You have a beak for a mouth.
You have claws for feet.


Message History

Aiming: Shock (safe; 4% risk of failure)
Press: ? - help, Q - select action, (/) - cycle Shift-Dir - straight line, f/p - Ijyb
Aim: Ijyb, wielding a +0 dagger, wearing a +0 leather armour and carrying a wand of flame (13) (lightly wounded, 60% to hit)
The zap hits Ijyb.
Ijyb is lightly wounded.
Aiming: Shock (safe; 4% risk of failure)
Press: ? - help, Q - select action, (/) - cycle Shift-Dir - straight line, f/p - Ijyb
Aim: Ijyb, wielding a +0 dagger, wearing a +0 leather armour and carrying a wand of flame (13) (lightly wounded, 60% to hit)
The zap hits Ijyb but does no damage.
Ijyb is lightly wounded.
Aiming: Shock (safe; 4% risk of failure)
Press: ? - help, Q - select action, (/) - cycle Shift-Dir - straight line, f/p - Ijyb
Aim: Ijyb, wielding a +0 dagger, wearing a +0 leather armour and carrying a wand of flame (13) (lightly wounded, 60% to hit)
The zap hits Ijyb.
Ijyb is moderately wounded.
Aiming: Shock (safe; 4% risk of failure)
Press: ? - help, Q - select action, (/) - cycle Shift-Dir - straight line, f/p - Ijyb
Aim: Ijyb, wielding a +0 dagger, wearing a +0 leather armour and carrying a wand of flame (13) (moderately wounded, 60% to hit)
The zap hits Ijyb.
Ijyb is heavily wounded.
Ijyb barely misses you.
Casting: Shock (safe; 4% risk of failure)
Confirm with . or Enter, or press ? or * to list all spells.
Ijyb is struck by an arc of lightning!
Ijyb is severely wounded.
You are struck by an arc of lightning.
The lightning grounds out.
Ijyb hits you with a +0 dagger.
Unknown command.
Aiming: Shock (safe; 4% risk of failure)
Press: ? - help, Q - select action, (/) - cycle Shift-Dir - straight line, f/p - Ijyb
Aim: Ijyb, wielding a +0 dagger, wearing a +0 leather armour and carrying a wand of flame (13) (severely wounded, 60% to hit)
The zap hits Ijyb.
Ijyb is almost dead.
Ijyb zaps a wand.
The puff of flame hits you.
Ijyb zaps a wand.
The puff of flame hits you!
* * * LOW HITPOINT WARNING * * *
You climb upwards.
There is a stone staircase leading down here.
Ijyb zaps a wand.
The puff of flame hits you!
You die...

...†..############ ##.#
#.#...### #.# ........#######
#.## .#.##.........### #..#
...###.######...#### ##.#
...###..# ###....##### #.#
#.......#### ####..)..## #.#
#...##.....###########..####)#
##..###.......g>@.........##.#
#<........############.#....#
##.####........# #......####
#.# ###..###.# ####..<##).
#.### ##.# #.#### #....)..
#...# #.###....### ###.....
###.# #..#####...#### ##.#..
#.# ##.### ###....## #.#.. #.#
#...# ####..# #.###


You could see Ijyb.

Vanquished Creatures
  2 adders (D:2)
  2 worms (D:2)
  4 dart slugs
  3 endoplasms
  5 giant cockroaches
  4 goblins
  4 hobgoblins
  2 kobolds
  2 ball pythons
  5 bats
  3 frilled lizards
  4 rats
40 creatures vanquished.

Notes
Turn   | Place    | Note
-------+----------+-------------------------------------------
     0 | D:1      | DrunkBamboolord the Tengu Air Elementalist began the quest
                  | for the Orb.
     0 | D:1      | Reached XP level 1. HP: 10/10 MP: 4/4
   293 | D:1      | Found a faded altar of an unknown god.
   442 | D:1      | Reached XP level 2. HP: 15/15 MP: 4/6
   445 | D:1      | Learned a level 2 spell: Static Discharge
  1403 | D:2      | Reached skill level 5 in Air Magic
  1403 | D:2      | Reached XP level 3. HP: 19/19 MP: 2/7
  1880 | D:2      | Reached XP level 4. HP: 24/24 MP: 5/8
  2254 | D:3      | Noticed Ijyb
  2264 | D:2      | Killed from afar by Ijyb

Illustrated notes

Levels and vault maps discovered:
D:1:      shiori_shiawase, layout_basic, ebering_ecumenical_altar_hall,
          chequers_serial_rivers_small_3
D:2:      layout_rooms
D:3:      layout_rooms, nicolae_hepliaklqana_hippocampus, uniq_ijyb

Skill      XL: |  1  2 |
---------------+-------+-----
Conjurations   | 2 |  2.7
Air Magic      | 5 |  5.3
Dodging        | |  2.4
Stealth        | |  2.3
Spellcasting   | |  2.4

Action                   |  1- 3 |  4- 6 || total
-------------------------+-------+-------++-------
 Cast: Shock             |    75 |    19 ||    94
       Static Discharge  |     1 |     1 ||     2
  Use: Scroll            |     3 |       ||     3
Armor: Robe              |     2 |       ||     2
Dodge: Dodged            |     2 |     2 ||     4
